Cogmind - Beta 13 X1 @@@ ROGUE MODE // 2023.07.15 @ 02:46:19 Player: CatPlusPlus Result: Destroyed by Y-54 Guardian with Gatling Laser Performance ------------- Evolutions (3) 1500 Regions Visited (10) 2000 Robots Destroyed (189) 945 Value Destroyed (5603) 5603 Prototype IDs (16) 320 Alien Tech Used (0) 0 Bonus (-872) -872 TOTAL SCORE: 9496 Bonus ------- High Alert Combat Kills 266 Follower Combat Kills 44 Entered Garrisons 200 Friendly Fire -1382 Cogmind --------- Core Integrity 0/700 Matter 5/300 Energy 99/100 System Corruption 20% Temperature Cool (6) Movement Core (50) Location -7/Garrison Parts ------- > --- POWER (2) -------- (None) > --- PROPULSION (5) --- (None) > --- UTILITY (4) ------ (None) > --- WEAPON (2) ------- (None) > --- INVENTORY (5) ---- Surge Thruster Huge Storage Unit Proton Cannon Advanced Beam Cannon Axe Peak State ------------ > --- POWER ------------ Light Nuclear Core Micro Nuclear Core > --- PROPULSION ------- Light Treads Light Treads Light Treads Armored Treads Armored Treads > --- UTILITY ---------- Improved Heat Sink Huge Storage Unit Experimental Sensor Array Layered Light Armor Plating > --- WEAPON ----------- Heavy Ion Cannon Heavy Ion Cannon > --- INVENTORY -------- Improved Heat Sink Improved Signal Interpreter Improved Terrain Scanner Advanced Terrain Scan Processor Particle Charger Weapon Cycler Layered Light Armor Plating Layered Light Armor Plating Layered Light Armor Plating Hardlight Generator Hardlight Generator Improved Shield Generator Hacking Suite Hacking Suite Recalibrator Drone Bay Advanced Beam Rifle Advanced Beam Cannon Advanced Beam Cannon Gauss Cannon Improved Grenade Launcher Remote Datajack Heavy Flail Katana Axe [Rating: 49] Favorites ----------- Power Light Nuclear Core Engine Improved Ion Engine Power Core Light Nuclear Core Propulsion Light Treads Treads Light Treads Leg Aluminum Leg Hover Unit Aerolev Unit Flight Unit Surge Thruster Utility Huge Storage Unit Device Cooling System Storage Huge Storage Unit Processor Machine Analyzer Hackware Hacking Suite Protection Improved Light Armor Plating Weapon Particle Cannon Energy Gun Spread Laser Energy Cannon Particle Cannon Ballistic Gun Assault Rifle Ballistic Cannon Heavy Assault Cannon Launcher Mini Grenade Launcher Special Weapon Mining Laser Impact Weapon Heavy Flail Slashing Weapon Katana Build | -11 -10 -10 -9 -9 -8 -8 -7 -7 -7 -7 ------- Run | Jun Mat Min Mat Min Mat Sto Fac Was Fac Gar Slots Evolved 6 | . . . 2 . 2 . 2 . . . Power 1 | . . . . . . . 1 . . . Propulsion 3 | . . . 1 . 1 . 1 . . . Utility 2 | . . . 1 . 1 . . . . . Weapon . | . . . . . . . . . . . Parts Attached 331 | 1 23 3 63 26 43 76 95 1 . . Power 17 | . . 1 2 . 3 4 7 . . . Engine 9 | . . . 2 . 3 2 2 . . . Core 8 | . . 1 . . . 2 5 . . . Reactor . | . . . . . . . . . . . Propulsion 59 | . 4 . 13 7 9 13 13 . . . Treads 48 | . 2 . 13 5 9 11 8 . . . Leg 2 | . 2 . . . . . . . . . Wheel . | . . . . . . . . . . . Hover 2 | . . . . 1 . 1 . . . . Flight 7 | . . . . 1 . 1 5 . . . Utility 128 | 1 10 . 19 11 17 25 44 1 . . Device 101 | 1 8 . 14 9 12 22 35 . . . Storage 4 | . 2 . 1 . . . . 1 . . Processor 2 | . . . . . . 1 1 . . . Hackware 2 | . . . . . . . 2 . . . Protection 19 | . . . 4 2 5 2 6 . . . Artifact . | . . . . . . . . . . . Weapon 127 | . 9 2 29 8 14 34 31 . . . Energy Gun 16 | . 1 1 7 1 1 2 3 . . . Energy Cannon 55 | . 2 . 10 4 6 17 16 . . . Ballistic Gun 4 | . . 1 1 2 . . . . . . Ballistic Cannon 5 | . . . . . 1 2 2 . . . Launcher 14 | . 2 . 5 1 2 4 . . . . Special Weapon 4 | . 3 . . . . . 1 . . . Impact Weapon 14 | . 1 . 6 . . 4 3 . . . Slashing Weapon 15 | . . . . . 4 5 6 . . . Piercing Weapon . | . . . . . . . . . . . Special Melee Weapon . | . . . . . . . . . . . Unidentified Prototypes 8 | . . . . . . 8 . . . . Corrupted Parts 2 | . . . . . 1 1 . . . . System Corruption 13 | . . . . . 4 9 . . . . Parts Lost 20 | . . . 1 . 6 2 11 . . . Power 2 | . . . . . . . 2 . . . Propulsion 7 | . . . . . 2 1 4 . . . Utility 9 | . . . 1 . 3 1 4 . . . Weapon 2 | . . . . . 1 . 1 . . . Highest Loss Streak 7 | . . . 1 . 5 1 7 . . . To Critical Strikes . | . . . . . . . . . . . Average Slot Usage (%) 97 | . 99 100 99 99 99 99 97 49 . . Engine 7 | . 14 1 10 11 9 5 1 3 . . Core 4 | . . 12 . . . 3 12 3 . . Treads 30 | . 5 28 32 32 35 35 36 20 . . Leg 2 | . 22 . . . . . . . . . Device 13 | . 13 14 11 11 15 16 13 . . . Storage 9 | . 14 14 11 11 9 9 6 3 . . Protection 7 | . . . 10 10 11 9 6 3 . . Energy Gun 3 | . 15 . 7 . . . . . . . Energy Cannon 11 | . 9 14 10 19 14 9 10 . . . Impact Weapon 1 | . . . 2 . . 3 . . . . Slashing Weapon 1 | . . . . . 2 3 2 . . . Naked Turns 232 | . . . . . . . . 64 79 89 Heaviest Build 117 | 13 30 31 100 105 109 110 117 116 . . Greatest Support 103 | 20 40 40 63 63 83 86 103 100 3 3 Greatest Overweight (x) 28 | . . . 1 2 1 1 28 1 . . Average Overweight (x) . | . . . . 1 1 1 . . . . Largest Inventory Capacity 25 | 8 15 15 25 25 25 25 25 25 5 5 Average Capacity 21 | 8 9 15 23 25 25 25 23 16 5 5 Most Carried 25 | 6 15 15 25 25 25 25 25 6 5 5 Average Carried 21 | 4 9 14 22 24 24 24 22 5 5 5 Final Capacity 25 | 8 15 15 25 25 25 25 5 5 5 5 Final Carried 25 | 6 15 15 25 25 25 25 5 5 5 5 Class Distribution -------------------- 55% | Mutant 44% | Scavenger-Mutant Dominant Class ---------------- Mutant | -10/Materials Mutant | -10/Mines Mutant | -9/Materials Mutant | -9/Mines Mutant | -8/Materials Scavenger-Mutant | -8/Storage Scavenger-Mutant | -7/Factory Scavenger-Mutant | -7/Waste Mutant | -7/Factory Mutant | -7/Garrison Resources | -11 -10 -10 -9 -9 -8 -8 -7 -7 -7 -7 ----------- Run | Jun Mat Min Mat Min Mat Sto Fac Was Fac Gar Matter Collected 4518 | 210 230 106 742 250 788 1187 1005 . . . Remotely . | . . . . . . . . . . . Salvage Created 6693 | 149 303 70 1497 458 933 1658 1625 . . . Parts 416 | 10 23 3 104 24 55 101 96 . . . Haulers Intercepted 13 | . 1 . 6 . 2 3 1 . . . Recyclers Shooed 3 | . . . 2 . 1 . . . . . Parts Field Recycled . | . . . . . . . . . . . Retrieved Matter . | . . . . . . . . . . . Parts Self-Destructed . | . . . . . . . . . . . Prevented . | . . . . . . . . . . . Kills | -11 -10 -10 -9 -9 -8 -8 -7 -7 -7 -7 ------- Run | Jun Mat Min Mat Min Mat Sto Fac Was Fac Gar Combat Hostiles Destroyed 129 | . 7 2 30 7 21 34 28 . . . Melee 2 | . . . . . . 1 1 . . . Guns 12 | . 1 1 9 . 1 . . . . . Cannons 82 | . 3 1 13 6 14 20 25 . . . AOE 29 | . 3 . 7 . 6 12 1 . . . Classes Destroyed 18 | 2 4 . 4 2 1 3 2 . . . Worker 11 | . . . 2 . 5 2 2 . . . Builder 7 | . . . 2 1 1 2 1 . . . Tunneler 3 | 3 . . . . . . . . . . Hauler 13 | . 1 . 6 . 2 3 1 . . . Recycler 8 | 1 1 . 2 2 . 1 1 . . . Operator 5 | . . . 2 . . 2 1 . . . Drone 8 | . . . . . . 8 . . . . Watcher 12 | . 1 . 4 . 2 2 3 . . . Swarmer 22 | . 3 . 6 . 6 6 1 . . . Cutter 3 | . . . . . . . 3 . . . Grunt 53 | . 4 2 15 3 11 8 10 . . . Brawler 7 | . . . . 1 . 5 1 . . . Duelist 3 | . . . . 1 . 1 1 . . . Protector 1 | . . . . . . 1 . . . . Sentry 31 | . . . 10 2 3 12 4 . . . Hunter 4 | . . . . . . 1 3 . . . Programmer 4 | . . . . . . . 4 . . . Heavy 2 | . . . . . 1 . 1 . . . Best Kill Streak 9 | 2 3 2 5 3 6 9 4 . . . Combat Bots Only 8 | . 3 2 4 3 4 8 3 . . . Max Kills in Single Turn 8 | 1 3 1 2 1 3 8 2 . . . Gunslinging . | . . . . . . . . . . . Exploded 3 | . 3 . 2 . 2 3 1 . . . Melee 1 | . . . . . . 1 1 . . . Uniques/NPCs Destroyed . | . . . . . . . . . . . Combat | -11 -10 -10 -9 -9 -8 -8 -7 -7 -7 -7 -------- Run | Jun Mat Min Mat Min Mat Sto Fac Was Fac Gar Damage Taken 7926 | . 187 127 1083 495 1479 1304 2832 60 242 117 Core 1085 | . 34 25 104 77 114 31 281 60 242 117 Absorbed by Shields 797 | . . . . 23 86 224 464 . . . Regen/Repaired (Parts) 642 | . 24 . 174 . . 444 . . . . Core Remaining (%) 75 | 100 . 76 . 54 . 73 . . . . Volleys Fired 544 | 17 28 10 113 29 100 116 131 . . . Largest 2 | 1 2 2 2 2 2 2 2 . . . Hottest 136 | 50 110 110 136 136 136 136 133 . . . Shots Fired 785 | 17 46 17 168 53 123 161 200 . . . Gun 167 | 17 18 7 98 . 19 4 4 . . . Cannon 578 | . 18 10 63 50 98 143 196 . . . Launcher 31 | . 1 . 7 3 6 14 . . . . Special 9 | . 9 . . . . . . . . . Kinetic 73 | . . . 9 . 19 15 30 . . . Thermal 653 | 17 45 17 143 50 79 132 170 . . . Explosive 31 | . 1 . 7 3 6 14 . . . . Electromagnetic 28 | . . . 9 . 19 . . . . . Robot Hit Streak 24 | 7 6 4 24 13 22 16 19 . . . Robot Miss Streak 7 | 3 2 2 7 1 2 4 6 . . . Penetration Max 1 | . . . . . 1 . . . . . Secondary Targets 1 | . . . 1 . . . . . . . Max Gunslinging Chain 1 | . . . 1 . . . . . . . Shots Hit Robots 524 | 11 24 12 135 32 85 100 125 . . . Core Hits 323 | 3 12 3 123 11 44 71 56 . . . Critical Kills 3 | . . . 1 1 . 1 . . . . Critical Parts Destroyed . | . . . . . . . . . . . Critical Strikes 10 | 2 . . 2 1 3 1 1 . . . Burn 3 | 2 . . 1 . . . . . . . Meltdown 3 | . . . 1 1 . 1 . . . . Blast 4 | . . . . . 3 . 1 . . . Melee Attacks 95 | . 3 . 28 . 11 33 20 . . . Impact 49 | . 3 . 28 . . 15 3 . . . Slashing 46 | . . . . . 11 18 17 . . . Piercing . | . . . . . . . . . . . Sneak Attacks 7 | . . . 2 . . 5 . . . . Combat Hostiles . | . . . . . . . . . . . Follow-up Attacks . | . . . . . . . . . . . Damage Inflicted 15004 | 139 505 196 3268 684 2657 4004 3551 . . . Guns 2018 | 139 124 66 1276 . 291 42 80 . . . Cannons 8812 | . 246 126 999 642 1564 1900 3335 . . . Explosions 3359 | . 135 . 823 42 705 1579 75 . . . Melee 714 | . . . 130 . 68 478 38 . . . Ramming 101 | . . 4 40 . 29 5 23 . . . Kinetic 1196 | . . . 77 . 492 28 599 . . . Thermal 9230 | 139 370 192 2085 642 1072 1914 2816 . . . Explosive 3287 | . 135 . 751 42 705 1579 75 . . . Electromagnetic 476 | . . . 185 . 291 . . . . . Impact 293 | . . . 130 . . 163 . . . . Slashing 421 | . . . . . 68 315 38 . . . Piercing . | . . . . . . . . . . . Highest Corruption 20 | . . . . . 4 14 4 17 20 20 Average Corruption 3 | . . . . . 4 4 1 11 17 20 Corruption Purged . | . . . . . . . . . . . Corruption Blocked . | . . . . . . . . . . . Effects 127 | . . . . . 21 69 25 5 3 4 Message Errors 32 | . . . . . 4 21 6 1 . . Matter Fused 27 | . . . . . 2 18 7 . . . Heat Flow Errors 15 | . . . . . 5 7 2 1 . . Energy Discharges 22 | . . . . . 6 10 3 2 1 . Parts Rejected 3 | . . . . . . . 3 . . . Data Loss (minor) 14 | . . . . . 2 6 1 . 2 3 Data Loss (major) 6 | . . . . . 1 3 1 1 . . Misfires 7 | . . . . . 1 4 2 . . . Misdirections 1 | . . . . . . . . . . 1 Overload Shots . | . . . . . . . . . . . Overflow Damage 238 | . 40 . 3 . 39 98 58 . . . Projectiles 96 | . 13 . . . 8 17 58 . . . Explosions 51 | . 27 . 3 . 21 . . . . . Melee 91 | . . . . . 10 81 . . . . Knockbacks 10 | . . . 2 . 4 . 4 . . . Impact 2 | . . . 2 . . . . . . . Kinetic 7 | . . . . . 3 . 4 . . . Secondary 1 | . . . . . 1 . . . . . Self-Inflicted Damage 259 | . . . 96 . 103 60 . . . . Shots 8 | . . . 3 . 3 2 . . . . Rammed 12 | . . 1 3 . 3 1 4 . . . Targets Rammed 14 | . . 1 3 . 4 2 4 . . . Kicked . | . . . . . . . . . . . Crushed 2 | . . . . . 1 1 . . . . Highest Temperature 622 | 90 282 367 180 326 242 465 622 86 . . Average Temperature 88 | 31 66 159 40 89 45 113 116 52 . . Received Heat Transfer 2392 | . 90 69 432 167 432 565 577 . 18 42 Effects 22 | . . 3 . . . 6 13 . . . Shutdowns 3 | . . . . . . 1 2 . . . Energy Bleed 4 | . . . . . . 1 3 . . . Interference 6 | . . 3 . . . 3 . . . . Matter Decay 3 | . . . . . . 1 2 . . . Short Circuit 4 | . . . . . . . 4 . . . Damage (minor) 1 | . . . . . . . 1 . . . Damage (core) 1 | . . . . . . . 1 . . . Siege Activations . | . . . . . . . . . . . Robots Corrupted . | . . . . . . . . . . . Combat Hostiles . | . . . . . . . . . . . Parts Fried 3 | . . . . . 1 2 . . . . Impact Corruptions 3 | . . . . . . 3 . . . . Robots Melted 5 | 1 . . 1 1 . 1 1 . . . Combat Hostiles 4 | . . . 1 1 . 1 1 . . . Parts Melted 28 | 1 . . 3 3 4 5 12 . . . Heat Transferred 15510 | 555 888 444 3157 1110 1887 3325 4144 . . . Parts Sabotaged . | . . . . . . . . . . . Parts Stolen . | . . . . . . . . . . . Parts Stripped . | . . . . . . . . . . . Power Chain Reactions 2 | . . . 2 . . . . . . . Missiles Intercepted . | . . . . . . . . . . . Alert | -11 -10 -10 -9 -9 -8 -8 -7 -7 -7 -7 ------- Run | Jun Mat Min Mat Min Mat Sto Fac Was Fac Gar Peak Influence 768 | 20 200 98 318 112 401 610 768 268 282 230 Initial 268 | . 13 48 . 52 1 78 256 268 187 200 Average 152 | 10 55 39 113 33 151 284 213 268 209 213 Maximum Alert Level 3 | . 1 . 1 . 2 2 3 1 1 1 Low Security (%) 75 | 100 99 100 89 100 67 47 63 . 60 . Level 1 15 | . . . 10 . 29 27 14 100 39 100 Level 2 9 | . . . . . 3 25 20 . . . Level 3 . | . . . . . . . . . . . Level 4 . | . . . . . . . . . . . Level 5 . | . . . . . . . . . . . High Security . | . . . . . . . . . . . Max Security . | . . . . . . . . . . . Squads Dispatched 29 | . 1 . 5 . 5 7 10 . 1 . Investigation 9 | . 1 . 3 . 2 . 3 . . . Extermination 4 | . . . . . . . 4 . . . Reinforcement 11 | . . . 2 . 3 3 2 . 1 . Assault 3 | . . . . . . 2 1 . . . Garrison 2 | . . . . . . 2 . . . . Intercept . | . . . . . . . . . . . Searches Triggered . | . . . . . . . . . . . Construction Impeded 2 | . . . . . 1 1 . . . . Haulers Reinforced . | . . . . . . . . . . . Active Scanning Responses . | . . . . . . . . . . . Cargo Convoy Interrupts . | . . . . . . . . . . . Stealth | -11 -10 -10 -9 -9 -8 -8 -7 -7 -7 -7 --------- Run | Jun Mat Min Mat Min Mat Sto Fac Was Fac Gar Distress Signals 5 | . . . 3 . 2 . . . . . Communications Jammed . | . . . . . . . . . . . Distress Signals . | . . . . . . . . . . . Times Spotted 217 | . 13 2 49 7 33 49 46 5 11 2 Peak Tracking Total 9 | . 3 2 6 3 4 9 5 5 6 2 Tactical Retreats 11 | . . . 1 . 3 2 3 . 2 . Traps | -11 -10 -10 -9 -9 -8 -8 -7 -7 -7 -7 ------- Run | Jun Mat Min Mat Min Mat Sto Fac Was Fac Gar Traps Triggered 8 | . . . 1 . 1 1 1 . 2 2 Indirectly . | . . . . . . . . . . . Trap Hack Attempts . | . . . . . . . . . . . Triggered . | . . . . . . . . . . . Disarmed . | . . . . . . . . . . . Reprogrammed . | . . . . . . . . . . . Reused . | . . . . . . . . . . . Traps Extracted . | . . . . . . . . . . . Installed . | . . . . . . . . . . . Triggered 2 | . . . . . . . . . 2 . Machines | -11 -10 -10 -9 -9 -8 -8 -7 -7 -7 -7 ---------- Run | Jun Mat Min Mat Min Mat Sto Fac Was Fac Gar Machines Disabled 19 | . 3 . . 1 2 8 5 . . . Max in Single Turn 4 | . 2 . . 1 1 1 4 . . . Garrison Access 3 | . . . . . . 1 2 . . . Machines Repaired . | . . . . . . . . . . . Machines Sabotaged . | . . . . . . . . . . . Overloaded Fab Kills . | . . . . . . . . . . . Hacking | -11 -10 -10 -9 -9 -8 -8 -7 -7 -7 -7 --------- Run | Jun Mat Min Mat Min Mat Sto Fac Was Fac Gar Machines Accessed 57 | . 9 . 15 1 6 14 11 . 1 . Terminals 35 | . 6 . 10 . 5 10 4 . . . Fabricators 1 | . . . . . . . 1 . . . Repair Stations 5 | . 1 . 1 . . 2 1 . . . Recycling Units 7 | . 2 . 2 . 1 1 1 . . . Scanalyzers 3 | . . . 2 . . . 1 . . . Garrison Access 5 | . . . . . . 1 3 . 1 . Total Hacks 177 | . 31 . 61 1 20 36 26 . 2 . Successful 98 | . 16 . 39 1 12 20 9 . 1 . Failed 78 | . 14 . 22 . 8 16 17 . 1 . Catastrophic 9 | . 2 . 1 . . 2 4 . . . Database Lockouts 1 | . 1 . . . . . . . . . Manual 80 | . 13 . 29 . 13 18 7 . . . Terminals 106 | . 20 . 38 . 18 23 7 . . . Fabricators 3 | . . . . . . . 3 . . . Repair Stations 22 | . 5 . 7 . . 8 2 . . . Recycling Units 19 | . 6 . 4 . 2 4 3 . . . Scanalyzers 15 | . . . 12 . . . 3 . . . Garrison Access 11 | . . . . . . 1 8 . 2 . Terminal Hacks 37 | . 8 . 15 1 6 7 . . . . Record 2 | . . . 1 . 1 . . . . . Part Schematic 1 | . . . 1 . . . . . . . Robot Analysis 6 | . 3 . 2 . 1 . . . . . Prototype ID Bank 4 | . 1 . 3 . . . . . . . Open Door 6 | . . . . 1 . 5 . . . . Branch Access Points 3 | . 1 . 1 . 1 . . . . . Terminal Index 2 | . . . 1 . 1 . . . . . Unreport Threat 5 | . . . 3 . 1 1 . . . . Locate Traps 5 | . 2 . 2 . 1 . . . . . Hauler Manifests 3 | . 1 . 1 . . 1 . . . . Fabricator Hacks 1 | . . . . . . . 1 . . . Build 1 | . . . . . . . 1 . . . Repair Station Hacks 17 | . 4 . 6 . . 6 1 . . . Scan Component 9 | . 2 . 3 . . 3 1 . . . Repair 8 | . 2 . 3 . . 3 . . . . Recycling Unit Hacks 7 | . 2 . 2 . 1 1 1 . . . Report Inventory 5 | . . . 2 . 1 1 1 . . . Retrieve Components 2 | . 2 . . . . . . . . . Scanalyzer 14 | . . . 12 . . . 2 . . . Insert Component 8 | . . . 7 . . . 1 . . . Analyze 6 | . . . 5 . . . 1 . . . Garrison Access Hacks 3 | . . . . . . 1 1 . 1 . Unlock Access 1 | . . . . . . . . . 1 . Seal Access 2 | . . . . . . 1 1 . . . Unauthorized Hacks 19 | . 2 . 4 . 5 5 3 . . . Terminals 10 | . . . 2 . 4 4 . . . . Assimilate 2 | . . . . . . 2 . . . . Botnet 8 | . . . 2 . 4 2 . . . . Fabricators . | . . . . . . . . . . . Repair Stations . | . . . . . . . . . . . Recycling Units 8 | . 2 . 2 . 1 1 2 . . . Reject 4 | . 2 . . . . 1 1 . . . Mask 1 | . . . . . . . 1 . . . Tunnel 3 | . . . 2 . 1 . . . . . Scanalyzers . | . . . . . . . . . . . Garrison Access 1 | . . . . . . . 1 . . . Jam 1 | . . . . . . . 1 . . . Data Cores Recovered 1 | . . . . . . . 1 . . . Used . | . . . . . . . . . . . Hacking Detections 45 | . 8 . 13 . 5 9 10 . . . Full Trace Events 3 | . 1 . . . . . 2 . . . Feedback Events . | . . . . . . . . . . . Feedback Blocked . | . . . . . . . . . . . Robot Schematics Acquired . | . . . . . . . . . . . Robots Built . | . . . . . . . . . . . Authchips . | . . . . . . . . . . . Time . | . . . . . . . . . . . Total Robot Build Rating . | . . . . . . . . . . . Part Schematics Acquired 5 | . . . 5 . . . . . . . Parts Built 1 | . . . . . . . 1 . . . Authchips . | . . . . . . . . . . . Time 117 | . . . . . . . 117 . . . Total Part Build Rating 7 | . . . . . . . 7 . . . Parts Repaired 8 | . 2 . 3 . . 3 . . . . Time 244 | . 52 . 78 . . 114 . . . . Parts Recycled . | . . . . . . . . . . . Recycled Matter . | . . . . . . . . . . . Retrieved Matter . | . . . . . . . . . . . Retrieved Components 8 | . 8 . . . . . . . . . Parts Scanalyzed 5 | . . . 4 . . . 1 . . . Part Schematics Acquired 4 | . . . 4 . . . . . . . Parts Damaged 2 | . . . 1 . . . 1 . . . Bothacking | -11 -10 -10 -9 -9 -8 -8 -7 -7 -7 -7 ------------ Run | Jun Mat Min Mat Min Mat Sto Fac Was Fac Gar Used RIF Installer . | . . . . . . . . . . . Robots Hacked . | . . . . . . . . . . . Non-combat . | . . . . . . . . . . . Combat . | . . . . . . . . . . . Robot Hacks Applied . | . . . . . . . . . . . Relay Couplers Released . | . . . . . . . . . . . Fabnet Peak Effective % . | . . . . . . . . . . . Robots Rewired . | . . . . . . . . . . . Allies Hacked . | . . . . . . . . . . . Hacks Repelled . | . . . . . . . . . . . Allies | -11 -10 -10 -9 -9 -8 -8 -7 -7 -7 -7 -------- Run | Jun Mat Min Mat Min Mat Sto Fac Was Fac Gar Total Allies 5 | . . 3 . . . 2 . . . . Largest Group 3 | . . 3 3 . . 2 . . . . Highest-Rated Group 62 | . . 40 40 . . 62 . . . . Highest-Rated Ally 31 | . . 16 16 . . 31 . . . . Total Orders 11 | . . . . . . 4 7 . . . EXPLORE 11 | . . . . . . 4 7 . . . Ally Attacks 32 | . . . 16 . . 16 . . . . Total Damage 427 | . . . 127 . . 300 . . . . Kills 2 | . . . 1 . . 1 . . . . Allies Corrupted 2 | . . . . . . 2 . . . . Allies Melted . | . . . . . . . . . . . Intel | -11 -10 -10 -9 -9 -8 -8 -7 -7 -7 -7 ------- Run | Jun Mat Min Mat Min Mat Sto Fac Was Fac Gar Robot Analysis Total 6 | . 3 . 2 . 1 . . . . . Derelict Logs Recovered 2 | . . 1 . 1 . . . . . . Drone Launches 19 | . . . . . . 12 7 . . . Drone Recoveries 3 | . . . . . . . 3 . . . Exploration | -11 -10 -10 -9 -9 -8 -8 -7 -7 -7 -7 ------------- Run | Jun Mat Min Mat Min Mat Sto Fac Was Fac Gar Turns Passed 17650 | 108 1820 928 4065 1813 1831 3278 3491 148 79 89 Spaces Moved 6247 | 50 613 519 1404 669 522 977 1068 158 156 111 Core 393 | . . . . . . . 1 125 156 111 Treads 5265 | . 145 519 1404 669 522 977 996 33 . . Legs 518 | 50 468 . . . . . . . . . Wheels . | . . . . . . . . . . . Hover . | . . . . . . . . . . . Flight 71 | . . . . . . . 71 . . . Fastest Speed 23 | 120 120 160 160 240 240 242 23 50 50 50 Average Speed 203 | 120 129 160 222 240 241 242 224 90 50 50 Slowest Speed 1450 | 120 160 160 240 320 242 243 1450 244 50 50 Overloaded Moves . | . . . . . . . . . . . Propulsion Burnouts . | . . . . . . . . . . . Robots Hopped . | . . . . . . . . . . . Cave-ins Triggered . | . . . . . . . . . . . Exploration Rate (%) 59 | 4 75 98 97 99 42 96 27 85 6 25 Regions Visited 10 Branch Regions 3 Pre-discovered Areas 4 | . . 1 2 . 1 . . . . . Known Exits Taken 4 | . 1 . 1 . 1 . . . 1 . Unknown Exits Taken 4 | 1 . 1 . 1 . 1 . . . . Scrap Searched 2 | . . 1 . 1 . . . . . . Spaces Dug 143 | . 11 . 35 . 22 51 24 . . . Terrain Destroyed 363 | . 19 . 81 22 65 126 50 . . . Melee 63 | . 2 . 18 . 9 17 17 . . . Projectile 71 | . 9 . . . 15 14 33 . . . AOE 229 | . 8 . 63 22 41 95 . . . . Terrain Rammed . | . . . . . . . . . . . Walls Destroyed . | . . . . . . . . . . . Machines Disabled . | . . . . . . . . . . . Actions | -11 -10 -10 -9 -9 -8 -8 -7 -7 -7 -7 --------- Run | Jun Mat Min Mat Min Mat Sto Fac Was Fac Gar Total 10204 | 82 1565 600 2141 823 951 1676 1904 162 156 144 Wait 2590 | 9 875 61 424 72 236 401 510 . . 2 Move 6239 | 49 612 518 1403 668 521 976 1068 157 156 111 Hop . | . . . . . . . . . . . Pick Up 147 | 3 14 3 51 8 17 24 25 2 . . Fast Attach 63 | 1 3 . 9 10 . 12 28 . . . Attach 29 | . . . 4 . 8 3 14 . . . Detach 11 | . . . 2 . . 2 7 . . . Swap 239 | . 20 3 50 16 35 61 53 1 . . Drop 196 | 3 10 4 54 20 19 40 44 2 . . Fire 544 | 17 28 10 113 29 100 116 131 . . . Melee 95 | . 3 . 28 . 11 33 20 . . . Ram . | . . . . . . . . . . . Kick . | . . . . . . . . . . . Crush 14 | . . 1 3 . 4 2 4 . . . Escape Stasis 30 | . . . . . . . . . . 30 Rewire 1 | . . . . . . . . . . 1 Trap . | . . . . . . . . . . . Miscellaneous 6 | . . . . . . 6 . . . . Route ------- -11/Junkyard -10/Materials (discovered 5 exits: *Mat x3 / *Min x2) -10/Mines (discovered 3 exits: *Mat x2 / [*Sub]) -9/Materials (discovered 5 exits: *Mat x3 / *Min x2) -9/Mines (discovered 4 exits: *Mat x2 / [*Exi] / [*Zio]) -8/Materials -8/Storage (discovered 2 exits: *Fac / [*Rec]) -7/Factory -7/Waste -7/Factory -7/Garrison History --------- Turn | Location | Event 19 | -11/Junkyard | Discovered new exit (range 3) 109 | -11/Junkyard | Entered Materials 316 | -10/Materials | Build established: Mutant 596 | -10/Materials | Discovered new exit (range 9) 1005 | -10/Materials | Discovered new exit (range 14) 1100 | -10/Materials | Identified exit to Mines 1477 | -10/Materials | Discovered new exit (range 8) 1574 | -10/Materials | Discovered new exit (range 12) 1768 | -10/Materials | Repaired Signal Interpreter 1795 | -10/Materials | Repaired Sensor Array 1875 | -10/Materials | Central database locked down 1929 | -10/Materials | Entered Mines 2078 | -10/Mines | Discovered new exit (range 10) 2274 | -10/Mines | YI-UF0 nonchalantly dropped a Grenade Launcher on the ground 2295 | -10/Mines | Learned location of Storage (-8) 2520 | -10/Mines | Received a Rocket Launcher from a helpful Derelict 2570 | -10/Mines | Assisted by bots powering up and referring to "LRC-V3" 2579 | -10/Mines | Discovered new exit (range 15) 2786 | -10/Mines | Discovered new exit (range 8) 2857 | -10/Mines | Entered Materials 2857 | -9/Materials | Accompanied by 3 allies 2857 | -9/Materials | Evolved 2 slots: Propulsion x1, Utility x1 3360 | -9/Materials | Discovered new exit (range 7) 3402 | -9/Materials | Identified exit to Mines 4219 | -9/Materials | Discovered new exit (range 5) 5399 | -9/Materials | Discovered new exit (range 4) 5485 | -9/Materials | Build established: Scavenger-Mutant 5922 | -9/Materials | Repaired Lgt. Treads 5950 | -9/Materials | Repaired Lgt. Treads 5977 | -9/Materials | Repaired Lgt. Treads 6294 | -9/Materials | Discovered new exit (range 16) 6816 | -9/Materials | Build established: Mutant 6922 | -9/Materials | Entered Mines 7199 | -9/Mines | Discovered new exit (range 15) 7452 | -9/Mines | Found a damaged Exp. Sensor Array with a note attached 7457 | -9/Mines | Found Prototype Device 8022 | -9/Mines | Joined a pair of Derelicts in attacking an 0b10 outpost 8076 | -9/Mines | Deemed a non-threat by the Exiles lab entrance 8076 | -9/Mines | Discovered new exit (range 5) 8105 | -9/Mines | Discovered new exit (range 10) 8128 | -9/Mines | A Derelict revealed a hidden shortcut to a safe place 8491 | -9/Mines | Met a Derelict who couldn't figure out how to use a Trap Extractor 8735 | -9/Mines | Entered Materials 8735 | -8/Materials | Evolved 2 slots: Propulsion x1, Utility x1 8736 | -8/Materials | Identified exit to Storage 9705 | -8/Materials | Lost 5 parts (2n2u1w) 10356 | -8/Materials | Build established: Scavenger-Mutant 10566 | -8/Materials | Entered Storage 10883 | -8/Storage | Repaired Imp. Light Armor Plating 10922 | -8/Storage | Repaired Arm. Treads 11526 | -8/Storage | Build established: Mutant 12086 | -8/Storage | Used back door to open Recycling access 12086 | -8/Storage | Discovered new exit (range 5) 12501 | -8/Storage | Discovered new exit (range 7) 12698 | -8/Storage | Build established: Scavenger-Mutant 12768 | -8/Storage | Repaired Arm. Treads 12968 | -8/Storage | Met a pair of Derelict thieves 13006 | -8/Storage | Garrison activated, responded to threat 13075 | -8/Storage | Destroyed 8 combat bots 13838 | -8/Storage | System corruption reached 10% 13842 | -8/Storage | Identified Exp. Sensor Array 13844 | -8/Storage | Entered Factory 13844 | -7/Factory | Evolved 2 slots: Power x1, Propulsion x1 15061 | -7/Factory | Fabricated Adv. Datajack? 16788 | -7/Factory | Discovered new exit (range 11) 16862 | -7/Factory | Identified exit to Factory 16989 | -7/Factory | Lost 7 parts (1p3n2u1w) 17044 | -7/Factory | First assault squad dispatched 17335 | -7/Factory | Sucked down chute 17335 | -7/Factory | Entered Waste 17350 | -7/Waste | EMP discharged 17350 | -7/Waste | System corruption reached 10% 17398 | -7/Waste | Spotted C-40 Crusher 17419 | -7/Waste | Released all parts (12) 17425 | -7/Waste | Spotted C-40 Crusher 17425 | -7/Waste | Spotted C-40 Crusher 17428 | -7/Waste | Spotted C-40 Crusher 17440 | -7/Waste | Spotted C-40 Crusher 17450 | -7/Waste | EMP discharged 17460 | -7/Waste | Spotted C-40 Crusher 17473 | -7/Waste | Discovered new exit (range 12) 17483 | -7/Waste | Entered Factory 17532 | -7/Factory | Core integrity fell below 50% 17556 | -7/Factory | Core integrity fell below 20% 17562 | -7/Factory | Identified exit to Garrison 17562 | -7/Factory | Entered Garrison 17594 | -7/Garrison | Triggered checkpoint 17628 | -7/Garrison | Triggered checkpoint 17651 | -7/Garrison | Destroyed by Y-54 Guardian with Gatling Laser Last Messages --------------- 17608_ Field strength at 76. 17609_ Field strength at 70. 17610_ Field strength at 64. 17611_ Field strength at 58. 17612_ Field strength at 52. 17613_ Field strength at 46. 17614_ Field strength at 40. 17615_ Field strength at 34. 17616_ Field strength at 28. 17617_ Field strength at 22. 17618_ System corrupted: Component data lost. 17618_ Field strength at 16. 17619_ Field strength at 10. 17620_ Field strength at 4. 17621_ Stasis field depleted. 17628_ Beams of light sweep through the air. An alarm sounds. 17633_ System corrupted: Component data lost. 17641_ Attempting to rewire Y-64 Sentinel. 17641_ Y-64 Sentinel is broken beyond repair. 17648_ System corrupted: Component data lost. Map ----- +----------------------------------------------------+ | ????????????????????????????????????????? | | ????????????????????????????????????????? | | ????????????????????????????????????????? | | ????????????????????????????????????????? | | ????????????????????????????????????????? | | ????????????????????????????????????????? | | ????????????????????????????????????????? | | ????????????????????????????????????????? | | ????????????????????????????????????????? | | ?????????????#####??????????????????????? | | ?????????????# #??????????????????????? | | ?????######### #??????????????????????? | | ?????# #??????????????????????? | | ?????# #??????????????????????? | | ?????# ##########??????????????????????? | | ?????# #???????????????????????????????? | | ?????# #???????????????????????????????? | | ?????# #???????????????????????????????? | | ?????# #??####?????????????????????????? | | ?????# #??#""""????????????????????????? | | ?????# #??## ##################??????? | | ?????# #??# = #??????? | | ?????# #??###### #####YY #??????? | | ?????# #???????# #???# Y #??????? | | ###### #???????# #???# * ! #??????? | | #???????# ###?# @ #??????? | | #???????# #?# ! #??????? | | ###### #???????# #?# !* #??????? | | ?????# #???????# #?# #??????? | | ?????# ######### ###?# #??????? | | ?????# #???# = #??????? | | ?????# ###########???############??????? | | ?????# #???????????????????????????????? | | ?????# #???????????????????????????????? | | ?????# #???????????????????????????????? | | #???????????????????????????????? | | #???????????????????????????????? | | #########???????????????????????????????? | | ????????????????????????????????????????? | | ????????????????????????????????????????? | | ????????????????????????????????????????? | | ????????????????????????????????????????? | | ????????????????????????????????????????? | | ????????????????????????????????????????? | | ????????????????????????????????????????? | | ????????????????????????????????????????? | | ????????????????????????????????????????? | | ????????????????????????????????????????? | | ????????????????????????????????????????? | | ????????????????????????????????????????? | +----------------------------------------------------+ Best States ------------- Heat Dissipation 53 Coolant Potential 50 Energy Generation 25 Energy Capacity 350 Matter Stores 300 Matter Capacity 300 Sight Range 16 Robot Scan Range 20 Terrain Scan Range 16 Terrain Scan Density 10 Armor Coverage 375 Utility Shielding 33 Evasion (%) 65 Recoil Reduction 5 Offensive Hacking 10 Authchip Count 2 Trap Extractor Capacity 6 Item Schematics ----------------- Imp. Light Armor Plating | -9/Materials | Scanalyzed Enh. Autogun | -9/Materials | Scanalyzed Imp. Ion Engine | -9/Materials | Scanalyzed Rocket Launcher | -9/Materials | Scanalyzed Huge Storage Unit | -9/Materials | Hacked Robot Schematics ------------------ None Fabricated ------------ Adv. Datajack | x1 | -7/Factory | Preloaded Alien Tech Used ----------------- None Achievements -------------- Armchair Analyst Backstab Collateral Damage Release The Drones! Challenges ------------ None Game ------ Seed MetafiberBehemothAutohacker Manual? 0 Play Time 04:31:54 Cumulative 38.1 hours Start 2023.06.25 @ 19:25:48 End 2023.07.15 @ 02:46:19 Sessions 13 Manual Loads 0 Difficulty Rogue Special Mode None Game No. 24 Rogue 24 Adventurer 0 Explorer 0 Win Type - Total 1 Types 1/0/0/0/0/0/0/0/0 Lore% 19 Gallery% 32 Achievement% 28 Wizard Run 0 Options --------- ASCII 0 Keyboard 1 Movement Numpad Keybinds 0 Fullscreen 2 Font 24/Terminus Map View 76x50 Tactical HUD 1 Map Filters NONE Filters NONE Steam 1 RUN: 1091250a-3a5b-430b-88dc-12e11c8d83ea